 Dungeon Crawl Stone Soup version 0.28-a0-1159-g27aa881441 (webtiles) character file.

Game seed: 13207772516417754320

769693 Ijustatesigmund the Timeless (level 27, -13/300 HPs)
             Began as a Hill Orc Fighter on Dec 13, 2021.
             Was a High Priest of Cheibriados.
             Killed from afar by a Brimstone Fiend (25 damage)
             ... with damnation
             ... in Pandemonium on Dec 15, 2021.
             The game lasted 04:35:54 (78984 turns).

Ijustatesigmund the Timeless (Hill Orc Fighter)    Turns: 78984, Time: 04:35:56

Health: -13/300    AC: 35    Str: 33 (38) XL:     27
Magic:  27/36      EV: 15    Int: 31 (41) God:    Cheibriados [*****.]
Gold:   9352       SH: 19    Dex: 21 (32) Spells: 28/41 levels left

rFire   + + +      SeeInvis +   a - +9 broad axe (flame)
rCold   + + .      Faith    .   c - +4 kite shield of the Dice {rCorr Str+3 Int+3}
rNeg    + + .      Spirit   .   T - +9 scales of the Dragon King {rPois rF+ rC+ Will+}
rPois   +          Reflect  .   M - +0 mask of the Dragon {Will+ Slay+3 SInv}
rElec   .          Harm     .   i - scarf {rC+ rF+}
rCorr   +          Rampage  .   r - +2 pair of gloves {hurl}
Will    +++++      Rage     1%  h - +4 pair of boots of Immorality {rF++ Will+ Stlth+}
Stlth   ..........              f - amulet of regeneration
HPRegen 1.40/turn               L - ring of Pipru {*Slow rN++ Int+6}
MPRegen 0.25/turn               N - ring of Zaiso {Fly Int+6 Dex+6 Slay+2}

@: magic-sapped, on berserk cooldown, flying, very slow
A: hooves 1, berserk 1, deformed body, deterioration 1, low mp 1, robust 1,
screaming 1, wild magic 1, noise suppression
}: 5/15 runes: barnacled, slimy, icy, abyssal, gossamer
a: Renounce Religion, Bend Time, Temporal Distortion, Slouch, Step From Time


You were in Pandemonium.
You worshipped Cheibriados.
Cheibriados was extremely pleased with you.
You visited 16 branches of the dungeon, and saw 68 of its levels.
You visited Pandemonium 1 time, and saw 3 of its levels.
You visited the Abyss 1 time.
You visited 1 ziggurat, and saw 9 of its levels.
You also visited: Gauntlet and Ice Cave.

You collected 13844 gold pieces.
You spent 4492 gold pieces at shops.

Inventory:

Hand Weapons
 a - a +9 broad axe of flaming (weapon)
Missiles
 E - 5 silver javelins (quivered)
Armour
 b - the +2 shield of Resistance {rF++ rC++ Will++}
   (You found it on level 1 of the Elven Halls)

   rF:        It greatly protects you from fire.
   rC:        It greatly protects you from cold.
   Will:      It greatly increases your willpower.
 c - the +4 kite shield of the Dice (worn) {rCorr Str+3 Int+3}
   (You found it on level 5 of the Lair of Beasts)

   Str:       It affects your strength (+3).
   Int:       It affects your intelligence (+3).
   rCorr:     It protects you from acid and corrosion.
 h - the +4 pair of boots of Immorality (worn) {rF++ Will+ Stlth+}
   (You acquired it on level 2 of the Depths)

   rF:        It greatly protects you from fire.
   Will:      It increases your willpower.
   Stlth:     It makes you more stealthy.
 i - a scarf of resistance (worn)
 r - a +2 pair of gloves of hurling (worn)
 M - the +0 mask of the Dragon (worn) {Will+ Slay+3 SInv}
   (You found it in a Gauntlet)

   Slay:      It affects your accuracy & damage with ranged weapons and melee
   (+3).
   SInv:      It lets you see invisible.
   Will:      It increases your willpower.
 T - the +9 scales of the Dragon King (worn) {rPois rF+ rC+ Will+}
   (You found it on level 7 of a ziggurat)

   rF:        It protects you from fire.
   rC:        It protects you from cold.
   rPois:     It protects you from poison.
   Will:      It increases your willpower.
Jewellery
 f - an amulet of regeneration (around neck)
 y - the ring of Kerchazou {Contam rC+ rN+ Will+ Str+3}
   (You found it on level 3 of the Crypt)

   [ring of positive energy]

   Str:       It affects your strength (+3).
   rC:        It protects you from cold.
   rN:        It protects you from negative energy.
   Contam:    It causes magical contamination when unequipped.
   Will:      It increases your willpower.
 I - the ring of Siyrhigg {rC+ rN+ Will- AC+4}
   (You took it off a deep elf demonologist on level 3 of the Elven Halls)

   [ring of protection]

   AC:        It affects your AC (+4).
   rC:        It protects you from cold.
   rN:        It protects you from negative energy.
   Will:      It decreases your willpower.
 L - the ring of Pipru (left hand) {*Slow rN++ Int+6}
   (You found it on level 8 of a ziggurat)

   [ring of intelligence]

   Int:       It affects your intelligence (+6).
   rN:        It greatly protects you from negative energy.
   *Slow:     It may slow you when you take damage.
 N - the ring of Zaiso (right hand) {Fly Int+6 Dex+6 Slay+2}
   (You found it on level 1 of the Shoals)

   [ring of intelligence]

   Int:       It affects your intelligence (+6).
   Dex:       It affects your dexterity (+6).
   Slay:      It affects your accuracy & damage with ranged weapons and melee
   (+2).
   Fly:       It grants you flight.
 Q - the ring of the Morning {rF+ rC+ Dex+3}
   (You found it on level 1 of the Realm of Zot)

   [ring of protection from cold]

   Dex:       It affects your dexterity (+3).
   rF:        It protects you from fire.
   rC:        It protects you from cold.
 R - the ring of the Solstice {rPois rF+ rCorr EV+4}
   (You bought it in a shop on level 1 of the Shoals)

   [ring of evasion]

   EV:        It affects your evasion (+4).
   rF:        It protects you from fire.
   rPois:     It protects you from poison.
   rCorr:     It protects you from acid and corrosion.
 S - an amulet of reflection
 U - the ring of Lumiepn {rF+ rN+ Str+4 Dex+7}
   (You found it on level 3 of the Crypt)

   [ring of positive energy]

   Str:       It affects your strength (+4).
   Dex:       It affects your dexterity (+7).
   rF:        It protects you from fire.
   rN:        It protects you from negative energy.
Wands
 l - a wand of iceblast (42)
 m - a wand of charming (17)
 v - a wand of flame (33)
 B - a wand of digging (29)
 G - a wand of mindburst (29)
 H - a wand of acid (7)
 W - a wand of polymorph (3)
Scrolls
 p - 6 scrolls of magic mapping
 s - 46 scrolls of identify
 u - 4 scrolls of silence
 w - 10 scrolls of fog
 F - 4 scrolls of immolation
 J - 5 scrolls of enchant weapon
 K - 18 scrolls of teleportation
 O - 7 scrolls of enchant armour
 V - a scroll of summoning
 Y - 2 scrolls of holy word
 Z - 9 scrolls of fear
Potions
 d - 2 potions of might
 j - 2 potions of cancellation
 k - 6 potions of invisibility
 n - 6 potions of lignification
 o - 4 potions of curing
 q - 3 potions of berserk rage
 t - 4 potions of attraction
 x - 7 potions of ambrosia
 z - 7 potions of brilliance
 A - a potion of heal wounds
 D - 2 potions of mutation
 X - 3 potions of magic
Miscellaneous
 e - the horn of Geryon
 C - a condenser vane
 P - a phantom mirror


   Skills:
 O Level 27 Fighting
 O Level 27 Axes
 - Level 17.6 Throwing
 + Level 19.9 Armour
 + Level 13.6 Dodging
 + Level 16.9 Shields
 - Level 7.8 Spellcasting
 - Level 3.5 Conjurations
 - Level 11.7 Translocations
 - Level 10.5 Transmutations
 - Level 12.0 Ice Magic
 O Level 27 Invocations
 - Level 16.6 Evocations


You had 28 spell levels left.
You knew the following spells:

 Your Spells              Type           Power      Damage    Failure   Level
a - Magic Dart            Conj           100%       1d8       13%         1
b - Blink                 Tloc           100%       N/A       1%          2
c - Lesser Beckoning      Tloc           84%        N/A       1%          3
d - Manifold Assault      Tloc           84%        N/A       12%         5
e - Wereblood             Tmut           79%        N/A       1%          2

Your spell library contained the following spells:

 Spells                   Type           Power      Damage    Failure   Level
 Beastly Appendage        Tmut           100%       N/A       1%          1
 Gell's Gravitas          Tloc           84%        N/A       1%          3
 Ozocubu's Armour         Ice            85%        N/A       1%          3
 Teleport Other           Tloc           84%        N/A       1%          3
 Passage of Golubria      Tloc           84%        N/A       4%          4
 Ensorcelled Hibernation  Hex/Ice        100%       N/A       7%          2
 Passwall                 Tmut/Erth      45%        N/A       10%         2
 Portal Projectile        Hex/Tloc       100%       N/A       13%         3
 Searing Ray              Conj           88%        2d7       17%         2
 Spider Form              Tmut/Pois      55%        N/A       17%         3
 Blade Hands              Tmut           39%        N/A       17%         5
 Iskenderun's Mystic Bla  Conj/Tloc      67%        2d14      21%         4
 Shock                    Conj/Air       100%       1d9       24%         1
 Static Discharge         Conj/Air       29%        N/A       34%         2
 Summon Ice Beast         Ice/Summ       59%        N/A       36%         4
 Pain                     Necr           60%        1d7       43%         1
 Sandblast                Erth           30%        2d9       43%         1
 Slow                     Hex            60%        N/A       43%         1
 Summon Small Mammal      Summ           60%        N/A       43%         1
 Petrify                  Tmut/Erth      55%        N/A       45%         4
 Dispersal                Tloc           42%        N/A       47%         6
 Call Imp                 Summ           15%        N/A       54%         2
 Corpse Rot               Necr/Air       30%        N/A       54%         2
 Poisonous Vapours        Pois/Air       30%        N/A       54%         2
 Scorch                   Fire           30%        2d6       54%         2
 Sublimation of Blood     Necr           15%        N/A       54%         2
 Dazzling Flash           Conj/Hex       58%        N/A       54%         3
 Stone Arrow              Conj/Erth      58%        3d10      54%         3
 Irradiate                Conj/Tmut      32%        3d24      54%         5
 Mephitic Cloud           Conj/Pois/Air  25%        N/A       63%         3
 Summon Forest            Summ/Tloc      29%        N/A       71%         5
 Call Canine Familiar     Summ           15%        N/A       78%         3
 Confusing Touch          Hex            15%        N/A       78%         3
 Inner Flame              Hex/Fire       15%        N/A       78%         3
 Summon Guardian Golem    Hex/Summ       15%        N/A       78%         3
 Swiftness                Air            15%        N/A       78%         3
 Tukima's Dance           Hex            15%        N/A       78%         3
 Vampiric Draining        Necr           15%        2d7       78%         3
 Alistair's Intoxication  Tmut/Pois      36%        N/A       78%         5
 Yara's Violent Unravell  Hex/Tmut       27%        3d12      78%         5
 Freezing Cloud           Conj/Ice/Air   27%        6-21      82%         5
 Flame Wave               Conj/Fire      29%        2d6       90%         4
 Fulminant Prism          Conj/Hex       14%        3d9       90%         4
 Sticky Flame             Conj/Fire      29%        2d5       90%         4
 Iskenderun's Battlesphe  Conj           44%        2d10      95%         5
 Ozocubu's Refrigeration  Ice            42%        4d13      95%         7
 Airstrike                Air            7%         N/A       99%         4
 Animate Armour           Summ/Erth      30%        N/A       99%         4
 Cause Fear               Hex            7%         N/A       99%         4
 Dispel Undead            Necr           15%        3d10      99%         4
 Leda's Liquefaction      Hex/Erth       7%         N/A       99%         4
 Summon Lightning Spire   Summ/Air       15%        N/A       99%         4
 Dragon Form              Tmut           39%        N/A       99%         7
 Agony                    Necr           15%        N/A       100%        5
 Borgnjor's Vile Clutch   Necr/Erth      7%         N/A       100%        5
 Excruciating Wounds      Necr           7%         N/A       100%        5
 Lee's Rapid Deconstruct  Erth           7%         3d8*      100%        5
 Silence                  Hex/Air        7%         N/A       100%        5
 Summon Mana Viper        Hex/Summ       15%        N/A       100%        5
 Eringya's Noxious Bog    Tmut/Pois      27%        N/A       100%        6
 Iron Shot                Conj/Erth      14%        9d4       100%        6
 Statue Form              Tmut/Erth      36%        N/A       100%        6
 Summon Cactus Giant      Summ           7%         N/A       100%        6
 Haunt                    Necr/Summ      7%         N/A       100%        7
 Monstrous Menagerie      Summ           7%         N/A       100%        7
 Orb of Destruction       Conj           22%        9d9       100%        7
 Spellforged Servitor     Conj/Summ      14%        N/A       100%        7
 Storm Form               Tmut/Air       27%        N/A       100%        7
 Summon Hydra             Summ           7%         N/A       100%        7
 Borgnjor's Revivificati  Necr           7%         N/A       100%        8
 Discord                  Hex            7%         N/A       100%        8
 Disjunction              Tloc           42%        N/A       100%        8
 Maxwell's Capacitive Co  Air            7%         ∞         100%        8
 Necromutation            Tmut/Necr      27%        N/A       100%        8
 Chain Lightning          Conj/Air       14%        3d19      100%        9
 Death's Door             Necr           7%         N/A       100%        9
 Dragon's Call            Summ           7%         N/A       100%        9
 Fire Storm               Conj/Fire      14%        8d4       100%        9
 Shatter                  Erth           7%         3d10*     100%        9


Dungeon Overview and Level Annotations

Branches:
Dungeon (15/15)            Temple (0/1) D:6            Lair (6/6) D:9
 Shoals (4/4) Lair:2       Spider (4/4) Lair:2        Slime (5/5) Lair:6
    Orc (2/2) D:10            Elf (3/3) Orc:2        Vaults (4/5) D:14
  Crypt (3/3) Vaults:3       Tomb (1/3) Crypt:3      Depths (4/4) D:15
   Hell (visited)             Dis (2/7) Hell            Geh (0/7) Hell
    Coc (7/7) Hell            Tar (2/7) Hell            Zot (5/5) Depths:4
  IceCv (visited)         Gauntlet (visited)

Altars:
Ashenzari
Cheibriados
Dithmenos
Kikubaaqudgha
Nemelex Xobeh
Okawaru
Qazlal
Ru
Sif Muna
Trog
Vehumet
Zin
Beogh

Shops:
D:7 :   Orc:2 **:=   Elf:1 ?(   Shoals:1 =   Vaults:1 *:?!*   Vaults:2 *

Portals:
Hell: Depths:1 Depths:2* Depths:3 Depths:4
Abyss: Depths:3 Depths:4
Pandemonium: Depths:2

Annotations:
Lair:6 2 transporters, fly's ghost, adept FoDe


Innate Abilities, Weirdness & Mutations

You have large cloven feet.
You tend to lose your temper in combat.
Armour fits poorly on your strangely shaped body.
Your body sometimes deteriorates upon taking damage.
Your magical capacity is low. (-10% MP)
You are robust. (+10% HP)
You occasionally shout uncontrollably at your foes.
Your spells are a little harder to cast, but a little more powerful.
You passively dampen the noise of your surroundings.


Message History

The Brimstone Fiend is severely wounded.
You block the blizzard demon's attack. x2
The Brimstone Fiend calls on the powers of darkness!
Your body is wracked with pain!
* * * LOW HITPOINT WARNING * * *
Throw: 6 javelins (silver)
Press: ? - help, Q - select action, (/) - cycle Shift-Dir - straight line, f - blizzard demon
Aim: a blizzard demon (severely wounded, 81% to hit)
You throw a silver javelin.
The silver javelin pierces through the blizzard demon!
The blizzard demon is almost dead.
The silver javelin pierces through the Brimstone Fiend!!
The Brimstone Fiend is severely wounded.
The blizzard demon gestures at you. The bolt of cold hits you. You resist.
* * * LOW HITPOINT WARNING * * *
You chop the blizzard demon into pieces!!!
You burn the blizzard demon.
You kill the blizzard demon!
Cheibriados appreciates the change of pace.
The Brimstone Fiend gestures at you.
The sphere of damnation explodes!
The damnation engulfs the Brimstone Fiend.
The Brimstone Fiend completely resists.
The damnation engulfs you!!
* * * LOW HITPOINT WARNING * * *
The damnation engulfs the Brimstone Fiend.
The Brimstone Fiend completely resists.
Activating: Slouch (0% risk of failure)
Press: ? - help, Dir - look around, f - activate You can feel time thicken for a moment.
Cheibriados lowers the support of your attributes as your movement quickens.
You feel yourself speed up.
The Brimstone Fiend calls on the powers of darkness!
Your body is wracked with pain!
* * * LOW HITPOINT WARNING * * *
The Brimstone Fiend gestures at you.
The sphere of damnation explodes!
The damnation engulfs the Brimstone Fiend.
The Brimstone Fiend completely resists.
The damnation engulfs you!!
You die...

*.*.,* #.∩....(###,,,,*,
*,*#.* #..........,*****
*,*#.#####........,,,,,,
**,**...* #.#######**,,,,
*,,***#.###.# *,,,,*
*..####..##.#####***,,***
*...............##,,,**,,
*..(...............#,*,,,
*,######@######.####,,,,,
*,**,*,#1#,*,**,# *,,,,*
*,*,≈,≈.1(≈,≈,*,* **,,***
*,**,*.#.#.*,**,* *,,,*
*,*,§.≈(≈.≈.≈,*,***,,,*
**,**.#,#.#,#.**,,**,,,***
**,,*)≈,≈.≈.≈,≈.**,,,,,,,,,
*,,,##,*,#(#,*,##,,,,,,***,
*,,,*∩≈,≈,≈,≈,≈,*,,,,,,* *,


You could see 2 Brimstone Fiends.

Vanquished Creatures
  Antaeus (Coc:7)
  Dissolution (Slime:3)
  the Royal Jelly (Slime:5)
  the Serpent of Hell (Coc:7)
  8 dread liches
  3 ancient liches
  5 orbs of fire
  Mennas (Crypt:1)
  2 royal mummies (Tomb:1)
  2 juggernauts
  The ghost of Karche Mayr the Gargoyle Porcupine, a legendary GrMo of Okawaru (Zot:2)
  Sojobo (Vaults:2)
  11 shard shrikes
  Margery (Vaults:3)
  6 Killer Klowns
  A curse toe (Zot:5)
  Geryon (Hell)
  5 caustic shrikes
  Xtahua (Depths:3)
  8 golden dragons
  Jory (Crypt:2)
  A profane servitor (Tar:1)
  6 bone dragons
  the Enchantress (Depths:1)
  5 electric golems
  2 Tzitzimimeh (Tar:2)
  5 Brimstone Fiends
  A doom hound (Tar:2)
  18 Ice Fiends
  9 liches
  4 Hell Sentinels
  6 titans
  20 tentacled monstrosities
  25 Orb Guardians (Zot:5)
  3 deep elf blademasters
  A walking earthen tome (Depths:2)
  4 quicksilver dragons
  2 krakens
  23 acid blobs
  19 ancient champions
  3 Executioners
  3 death cobs (Zot:2)
  9 sphinxes
  2 pandemonium lords (Pan)
  3 tentacled starspawn (Abyss:4)
  Agnes (Spider:4)
  A thorn hunter (Abyss:4)
  Kirke (D:12)
  14 storm dragons
  2 draconian monks
  11 shadow dragons
  2 revenants (Crypt:1)
  Ilsuiw (Shoals:4)
  3 demonspawn warmongers (Pan)
  5 tengu reavers
  17 narguns
  8 azure jellies
  14 rockslimes
  5 draconian knights
  12 vault wardens
  4 fire giants
  10 frost giants
  A fire giant (shapeshifter) (Zig:5)
  An orc warlord (Orc:2)
  10 deep elf sorcerers
  10 ghost moths
  2 curse skulls
  2 cacodemons (Pan)
  5 draconian scorchers
  2 quicksilver elementals (Dis:1)
  Louise (Shoals:1)
  4 iron dragons
  A spectral juggernaut (Tar:1)
  5 balrugs
  10 emperor scorpions
  A juggernaut zombie (Depths:2)
  5 draconian stormcallers
  14 shard shrike simulacra
  3 ghouls (Crypt:1)
  2 draconian shifters
  6 draconian annihilators
  7 deep elf elementalists
  7 quicksilver oozes
  25 very ugly things
  2 demonspawn blood saints (Pan)
  2 juggernaut skeletons (Crypt:3)
  A caustic shrike skeleton (Zig:7)
  Nessos (Orc:2)
  3 demonspawn corrupters (Pan)
  7 war gargoyles
  The ghost of Ihuoskol the Zephyrmancer, a journeyman TeWz of Gozag (Shoals:1)
  20 ironbound preservers
  10 reapers
  5 spriggan defenders
  22 elemental wellsprings
  8 deep elf demonologists
  12 green draconians
  11 stone giants
  3 putrid mouths
  9 black draconians
  12 vampire knights
  2 demonspawn black suns (Pan)
  4 lorocyprocas (Pan)
  9 white draconians
  A minotaur (Gauntlet)
  8 purple draconians
  8 entropy weavers
  12 deep elf annihilators
  12 dire elephants
  Azrael (Elf:1)
  9 red draconians
  4 spark wasps (Depths:4)
  9 yellow draconians
  14 wendigos
  3 eidola
  6 blizzard demons
  2 iron golems (Dis:2)
  5 ettins
  A spectral spriggan (Tar:2)
  9 deep elf death magi
  5 fire dragons
  4 green deaths
  6 merfolk javelineers
  8 yaktaur captains
  11 deep elf high priests
  9 great orbs of eyes
  14 jiangshi
  A quicksilver dragon zombie (Crypt:2)
  9 merfolk impalers
  A spriggan zombie (Depths:2)
  4 vault guards
  5 ironbound thunderhulks
  2 hell beasts (Pan)
  7 ice dragons
  10 mummy priests
  7 spriggan air magi
  16 boulder beetles
  7 caustic shrike simulacra
  Erica (Lair:2)
  4 catoblepae
  4 ogre magi
  4 rakshasas
  12 hydras
  6 juggernaut simulacra
  An alligator snapping turtle (Shoals:2)
  12 ironbound frosthearts
  4 spriggan skeletons (Crypt:3)
  19 centaur warriors
  14 two-headed ogres
  3 deep troll shamans
  3 merfolk avatars
  2 death knights
  3 satyrs
  13 tengu warriors
  An anaconda (shapeshifter) (Vaults:1)
  7 merfolk aquamancers
  38 death scarabs
  The ghost of ChaosChampion the Eclecticist, a journeyman DECj of Vehumet (D:12)
  A spectral dire elephant (Tar:1)
  14 spriggan berserkers
  29 dancing weapons
  12 death yaks
  10 hell hogs
  6 orc high priests
  A deep troll earth mage (Depths:4)
  A shock serpent (Zig:4)
  6 holy swine (Pan)
  46 sun demons
  2 storm dragon zombies
  7 vampire magi
  8 hell knights
  17 deep elf knights
  Urug (D:12)
  A titan skeleton (Tomb:1)
  7 wretched stars (Abyss:4)
  A spectral bunyip (Tar:2)
  10 soul eaters
  Nergalle (Lair:4)
  A salamander mystic (Depths:2)
  55 skeletal warriors
  6 sixfirhies (Pan)
  A golden dragon zombie (Zig:7)
  7 iron trolls
  11 sea snakes
  13 shadow wraiths
  3 shadow demons (Pan)
  8 quicksilver dragon simulacra
  8 flayed ghosts
  50 deep trolls
  9 wizards
  A spatial maelstrom (Abyss:4)
  A bog body (Crypt:1)
  A naga ritualist (Zig:4)
  A swamp dragon (shapeshifter) (Depths:2)
  12 deep elf archers
  5 glowing orange brains
  12 lindwurms
  6 orc knights
  3 obsidian statues
  2 swamp dragons
  2 orange crystal statues (Zig:5)
  17 deep elf zephyrmancers
  17 starcursed masses (Abyss:4)
  26 harpies
  39 wolf spiders
  2 bunyip skeletons (Crypt:3)
  14 phantasmal warriors
  A harpy (shapeshifter) (Elf:3)
  An iron dragon zombie (Abyss:4)
  An orb spider (shapeshifter) (Elf:2)
  An anaconda skeleton (Crypt:3)
  A mana viper (shapeshifter) (Elf:3)
  11 ironbound convokers
  A shadow dragon zombie (Crypt:1)
  23 deep elf pyromancers
  11 necromancers
  45 ugly things
  15 manticores
  2 oklob plants (Lair:6)
  7 cyclopes
  13 orb spiders
  6 orc sorcerers
  An eleionoma zombie (Crypt:1)
  6 shining eyes
  An iron dragon skeleton (Crypt:2)
  10 fauns
  A spectral centaur (Tar:1)
  3 worldbinders (Abyss:4)
  4 salamanders
  Joseph (Lair:1)
  9 merfolk sirens
  An apocalypse crab (Abyss:4)
  7 elephants
  A stone giant skeleton (Crypt:1)
  11 rust devils
  9 black mambas
  2 guardian serpents
  2 eyes of devastation
  29 moths of wrath
  6 titan simulacra
  3 ice statues
  5 orange demons
  A naga zombie (Tomb:1)
  A black mamba (shapeshifter) (Elf:2)
  A cane toad (shapeshifter) (Elf:1)
  13 smoke demons
  3 naga magi (Zig:4)
  5 water nymphs
  14 cane toads
  22 vault sentinels
  A storm dragon simulacrum (Coc:1)
  2 torpor snails
  2 catoblepas zombies (Crypt:1)
  5 hellions
  4 rime drakes
  An unseen horror (Abyss:4)
  13 freezing wraiths
  9 komodo dragons
  21 yaktaurs
  A white draconian zombie (Crypt:2)
  6 ice devils
  4 iron giant simulacra
  2 bunyip simulacra (Coc:2)
  5 red devils
  A hellwing (Pan)
  A purple draconian skeleton (Crypt:1)
  A spectral deep troll (Tar:1)
  17 tormentors
  22 demonic crawlers
  17 guardian mummies
  A yellow draconian skeleton (Crypt:1)
  7 anaconda simulacra
  6 tengu conjurers
  A jumping spider (shapeshifter) (D:14)
  A spectral harpy (Tar:1)
  9 trolls
  34 merfolk
  9 polar bears
  A catoblepas skeleton (Crypt:1)
  4 tyrant leeches (Spider:4)
  5 ancient zymes (Abyss:4)
  2 silent spectres
  2 meliai (shapeshifter)
  12 harpy skeletons
  46 jumping spiders
  A polar bear (shapeshifter) (D:14)
  A tyrant leech (shapeshifter) (Zot:1)
  A wolf spider simulacrum (D:15)
  5 wind drakes
  2 hornets
  Prince Ribbit (D:5)
  An ettin zombie (Crypt:2)
  14 blink frogs
  6 raiju (Abyss:4)
  79 slime creatures
  2 stone giant simulacra
  10 snapping turtles
  8 dream sheep
  3 spectral black mambas (Tar:1)
  An ice dragon zombie (Crypt:1)
  4 iron dragon simulacra
  15 flying skulls
  A satyr skeleton (Crypt:1)
  3 spriggans
  3 vampires (Vaults:3)
  14 water elementals
  A centaur simulacrum (Crypt:1)
  An air elemental (Elf:1)
  33 tarantellas
  A fire dragon skeleton (Crypt:3)
  70 redbacks
  14 ynoxinuls
  8 dire elephant simulacra
  65 yaks
  2 shadows
  A hog (shapeshifter) (D:14)
  A black mamba skeleton (Crypt:3)
  9 wyverns
  2 ushabtiu (Tomb:1)
  10 basilisks
  3 golden eyes
  4 hogs (D:12)
  5 wraiths
  A golden eye (shapeshifter) (Elf:1)
  5 neqoxecs
  A basilisk (shapeshifter) (D:14)
  A steam dragon (D:6)
  An alligator snapping turtle simulacrum (Coc:2)
  5 fire elementals
  Grum (D:8)
  6 vampire mosquitoes
  9 chaos spawn
  Menkaure (D:6)
  A death yak simulacrum (Orc:1)
  A spatial vortex (Abyss:4)
  16 harpy simulacra
  5 wargs
  22 large abominations
  A demonspawn zombie (Crypt:2)
  2 hydra simulacra
  A deep troll skeleton (Crypt:3)
  7 acid dragons
  9 hell hounds
  A merfolk skeleton (Crypt:3)
  24 water moccasins
  A floating eye (Depths:3)
  47 orc warriors
  2 ice beasts
  4 swamp drakes (Lair:6)
  2 sky beasts
  3 black bears
  11 ettin simulacra
  A lindwurm zombie (Crypt:2)
  A necrophage (Crypt:1)
  A fire dragon simulacrum (Coc:1)
  15 centaurs
  16 ogres
  54 wolves
  14 boggarts
  A phantom (D:6)
  A blink frog skeleton (Crypt:2)
  2 kobold brigands
  An elf zombie (Crypt:2)
  A palentonga zombie (Crypt:3)
  15 bullfrogs
  A naga simulacrum (Coc:2)
  A gnoll sergeant (D:6)
  2 earth elementals
  A two-headed ogre simulacrum (Orc:1)
  2 wyvern zombies
  4 scorpions
  2 small abominations (Abyss:4)
  11 killer bees
  20 wights
  A raiju skeleton (Crypt:3)
  6 electric eels
  2 howler monkeys (D:9)
  4 crimson imps (Gauntlet)
  2 bullfrog zombies
  7 centaur zombies
  A quasit (Abyss:4)
  A jelly (D:5)
  2 hounds
  31 orc priests
  8 centaur skeletons
  3 gnoll shamans
  13 hell rats
  16 orc wizards
  6 spriggan simulacra
  9 iguanas
  3 polar bear simulacra (Orc:1)
  2 wolf simulacra (Orc:1)
  26 mummies
  A howler monkey zombie (D:9)
  14 gnolls
  2 adders
  An ufetubus (D:5)
  2 adder skeletons (D:4)
  An iguana zombie (Crypt:2)
  5 dart slugs
  4 worms
  109 orcs
  5 endoplasms
  3 giant cockroaches
  4 goblins
  7 hobgoblins
  8 jackals
  3 quokkas
  9 ball pythons
  8 bats
  A jackal skeleton (D:3)
  A jackal zombie (D:3)
  9 kobolds
  An orc skeleton (Crypt:3)
  2 quokka skeletons (D:3)
  3 rats
  A rat zombie (Crypt:1)
  A river rat zombie (Crypt:1)
  3 fire vortices (Hell)
  5 starspawn tentacles
  2 tentacles (Shoals:3)
3219 creatures vanquished.

Vanquished Creatures (collateral kills)
  An Ice Fiend (Coc:7)
  An ironbound convoker (Vaults:3)
  A howler monkey (D:9)
3 creatures vanquished.

Vanquished Creatures (others)
  An Ice Fiend (Coc:7)
  A deep elf master archer (Elf:3)
  A tengu reaver (Depths:3)
  A storm dragon (Zot:1)
  A demonspawn corrupter (Pan)
  2 elemental wellsprings (Coc:7)
  A wendigo (Coc:7)
  3 juggernaut simulacra (Coc:7)
  An ogre mage (D:14)
  A spriggan simulacrum (Coc:6)
  A deep elf pyromancer (Elf:2)
  A merfolk siren (Lair:2)
  2 titan simulacra
  A yaktaur (Vaults:1)
  An iron giant simulacrum (Coc:7)
  3 anaconda simulacra (Coc:7)
  A ynoxinul (Pan)
  A dire elephant simulacrum (Coc:7)
  A harpy simulacrum (Coc:7)
  A hydra simulacrum (Coc:7)
  2 ettin simulacra (Coc:7)
  An iguana (Lair:6)
  2 gnolls
  45 fungi
  92 plants
  10 starspawn tentacles
  4 tentacles (Shoals:3)
  2 withered plants
184 creatures vanquished.

Grand Total: 3406 creatures vanquished

Notes
Turn   | Place    | Note
-------+----------+-------------------------------------------
     0 | D:1      | Ijustatesigmund the Hill Orc Fighter began the quest for
                  | the Orb.
     0 | D:1      | Reached XP level 1. HP: 19/19 MP: 1/1
   210 | D:1      | Reached XP level 2. HP: 4/27 MP: 2/2
   664 | D:1      | Reached XP level 3. HP: 30/33 MP: 3/3
  1247 | D:2      | Reached XP level 4. HP: 41/41 MP: 4/4
  1279 | D:2      | Reached skill level 5 in Axes
  1607 | D:4      | Reached XP level 5. HP: 47/47 MP: 5/5
  2115 | D:4      | Reached XP level 6. HP: 44/53 MP: 6/6
  2353 | D:5      | Entered Level 5 of the Dungeon
  2459 | D:5      | Reached skill level 1 in Dodging
  2463 | D:5      | Noticed a black bear
  2468 | D:5      | Killed a black bear
  2469 | D:5      | Reached skill level 5 in Fighting
  2469 | D:5      | Reached XP level 7. HP: 61/61 MP: 7/7
  2608 | D:5      | Noticed Prince Ribbit
  2614 | D:5      | Killed Prince Ribbit
  2615 | D:5      | Reached skill level 10 in Axes
  3298 | D:6      | Reached XP level 8. HP: 49/70 MP: 8/8
  3437 | D:6      | Found a snail-covered altar of Cheibriados.
  3437 | D:6      | Found an iron altar of Okawaru.
  3437 | D:6      | Found an ancient bone altar of Kikubaaqudgha.
  3437 | D:6      | Found a broken altar of Ashenzari.
  3445 | D:6      | Became a worshipper of Cheibriados the Contemplative
  3586 | D:6      | Reached skill level 1 in Invocations
  3891 | D:6      | Reached XP level 9. HP: 78/78 MP: 9/11
  3944 | D:6      | Found a staircase to the Ecumenical Temple.
  4037 | D:7      | Noticed Menkaure
  4041 | D:6      | Killed Menkaure
  4042 | D:6      | Reached skill level 5 in Armour
  4042 | D:6      | Reached skill level 5 in Shields
  4101 | D:6      | Reached * piety under Cheibriados
  4787 | D:7      | Found a sacrificial altar of Ru.
  4788 | D:7      | Found a glowing silver altar of Zin.
  4852 | D:7      | Identified the +3 leather armour of Dusujidd {Int+5 Slay-2
                  | SInv}
  4887 | D:7      | Reached skill level 5 in Invocations
  4892 | D:7      | Reached XP level 10. HP: 74/88 MP: 12/14
  4939 | D:7      | Found Icwuy's Book Shop.
  5203 | D:8      | Reached ** piety under Cheibriados
  5515 | D:8      | Noticed Grum
  5529 | D:8      | Killed Grum
  6426 | D:9      | Reached *** piety under Cheibriados
  6437 | D:9      | Found a staircase to the Lair.
  6475 | D:9      | Reached XP level 11. HP: 94/97 MP: 16/16
  6642 | D:9      | Noticed a two-headed ogre
  6652 | D:9      | Killed a two-headed ogre
  7143 | D:9      | Reached **** piety under Cheibriados
  7535 | D:10     | Entered Level 10 of the Dungeon
  7564 | D:10     | Reached skill level 10 in Fighting
  7902 | D:10     | Found a staircase to the Orcish Mines.
  7921 | D:10     | Found a roughly hewn altar of Beogh.
  7925 | D:10     | Reached ***** piety under Cheibriados
  8560 | D:11     | Noticed a boulder beetle
  8572 | D:11     | Killed a boulder beetle
  8573 | D:11     | Reached skill level 10 in Invocations
  9395 | D:12     | Reached skill level 5 in Dodging
  9395 | D:12     | Reached XP level 12. HP: 101/106 MP: 20/20
  9433 | D:12     | Noticed Urug
  9434 | D:12     | Found a transporter.
  9437 | D:12     | Noticed ChaosChampion's ghost (journeyman DECj)
  9437 | D:12     | Noticed a fire dragon
  9437 | D:12     | Noticed a five-headed hydra
  9437 | D:12     | Noticed a five-headed hydra
  9437 | D:12     | Noticed a seven-headed hydra
  9438 | D:12     | Noticed Kirke
  9447 | D:12     | Noticed a two-headed ogre
  9452 | D:12     | Killed a two-headed ogre
  9682 | D:12     | Noticed a four-headed hydra
  9695 | D:12     | Killed a four-headed hydra
 10121 | D:12     | Noticed a five-headed hydra
 10256 | D:12     | Killed Urug
 10456 | D:12     | Killed Kirke
 10458 | D:12     | Noticed a catoblepas
 10481 | D:12     | Found a transporter.
 10742 | Lair:1   | Entered Level 1 of the Lair of Beasts
 10746 | Lair:1   | Identified a scroll of acquirement
 10746 | Lair:1   | Acquired 1278 gold pieces
 10888 | Lair:1   | Noticed Joseph
 10898 | Lair:1   | Killed Joseph
 11115 | Lair:1   | Reached XP level 13. HP: 115/115 MP: 23/23
 11776 | Lair:2   | Found an iron altar of Okawaru.
 11959 | Lair:2   | Reached skill level 1 in Evocations
 11999 | Lair:2   | Reached ****** piety under Cheibriados
 12006 | Lair:2   | Noticed Erica
 12033 | Lair:2   | Killed Erica
 12190 | Lair:2   | Found a hole to the Spider Nest.
 12534 | Lair:2   | Found a staircase to the Shoals.
 12655 | Lair:3   | Reached skill level 5 in Evocations
 13056 | Lair:3   | Found a radiant altar of Vehumet.
 13665 | Lair:4   | Reached skill level 15 in Axes
 13704 | Lair:4   | Found a gate leading to a gauntlet.
 13723 | Gauntlet | Entered a Gauntlet
 13723 | Gauntlet | Found a transporter.
 13734 | Gauntlet | Found a transporter.
 13752 | Gauntlet | Found a transporter.
 13760 | Gauntlet | Found a transporter.
 13783 | Gauntlet | Found a transporter.
 13798 | Gauntlet | Found a transporter.
 13810 | Gauntlet | Found a transporter.
 13822 | Gauntlet | Found a transporter.
 13834 | Gauntlet | Found a transporter.
 13846 | Gauntlet | Found a transporter.
 13864 | Gauntlet | Found a transporter.
 13884 | Gauntlet | Found a transporter.
 13886 | Gauntlet | Found a transporter.
 13886 | Gauntlet | Found the +0 mask of the Dragon {Will+ Slay+3 SInv}
 13930 | Gauntlet | Found a transporter.
 13932 | Gauntlet | Found a transporter.
 13934 | Gauntlet | Found a transporter.
 13977 | Gauntlet | Found a transporter.
 14063 | Gauntlet | Reached XP level 14. HP: 125/125 MP: 24/24
 14456 | Lair:4   | Noticed Nergalle
 14464 | Lair:4   | Killed Nergalle
 14830 | Lair:4   | Reached skill level 10 in Armour
 15057 | Lair:5   | Reached skill level 15 in Invocations
 15138 | Lair:5   | Learned a level 1 spell: Magic Dart
 15453 | Lair:5   | Identified the +4 kite shield of the Dice {rCorr Str+3
                  | Int+3}
 15501 | Lair:5   | Reached skill level 1 in Conjurations
 16019 | Lair:6   | Entered Level 6 of the Lair of Beasts
 16095 | Lair:6   | Noticed a dire elephant
 16105 | Lair:6   | Killed a dire elephant
 17099 | Lair:6   | Identified the +4 arbalest of Makhleb's Castigation {venom,
                  | Str+2}
 17109 | Lair:6   | Found a staircase to the Slime Pits.
 17146 | Lair:6   | Found a transporter.
 17148 | Lair:6   | Noticed fly's ghost (adept FoDe)
 17152 | Lair:6   | Found a transporter.
 17153 | Lair:6   | Noticed a tentacled starspawn
 17192 | Lair:6   | Reached XP level 15. HP: 136/136 MP: 26/26
 18361 | Orc:1    | Entered Level 1 of the Orcish Mines
 18418 | Orc:1    | Found a frozen archway.
 18448 | IceCv    | Entered an ice cave
 18541 | IceCv    | Identified the amulet "Zaocanuz" {Faith rElec SInv}
 18803 | IceCv    | Noticed a frost giant
 18819 | IceCv    | Killed a frost giant
 18888 | IceCv    | Identified the +8 chain mail of Pride {rN+}
 18916 | IceCv    | Got the Compendium of Curses and the Voyage
 19061 | Orc:1    | Reached skill level 10 in Shields
 19485 | Orc:2    | Entered Level 2 of the Orcish Mines
 19767 | Orc:2    | Found Luil Roo's Book Shop.
 19804 | Orc:2    | Noticed an orc warlord
 19818 | Orc:2    | Killed an orc warlord
 19819 | Orc:2    | Found a roughly hewn altar of Beogh.
 19896 | Orc:2    | Found Siekaod's Jewellery Shoppe.
 20303 | Orc:2    | Found a staircase to the Elven Halls.
 20415 | Orc:2    | Noticed Nessos
 20432 | Orc:2    | Killed Nessos
 20818 | Orc:2    | Found a roughly hewn altar of Beogh.
 20869 | Orc:2    | Reached XP level 16. HP: 130/147 MP: 28/28
 20927 | Orc:2    | Found Uriubb's Assorted Antiques.
 20937 | Orc:2    | Bought a scroll of teleportation for 75 gold pieces
 20937 | Orc:2    | Bought a potion of curing for 75 gold pieces
 20937 | Orc:2    | Bought a potion of curing for 75 gold pieces
 20944 | Orc:2    | Found Uzxoam's General Store.
 21611 | D:13     | Found a shimmering blue altar of Sif Muna.
 21871 | D:13     | Reached skill level 15 in Fighting
 22036 | D:14     | Found a shadowy altar of Dithmenos.
 22362 | D:14     | Found a gate to the Vaults.
 22798 | D:15     | Entered Level 15 of the Dungeon
 23059 | D:15     | Found a staircase to the Depths.
 23230 | D:15     | Got the Guide on Shape Shifting
 23234 | D:15     | Learned a level 2 spell: Blink
 23373 | D:15     | Reached skill level 1 in Ice Magic
 23422 | D:15     | Reached skill level 1 in Translocations
 24136 | D:12     | Reached skill level 5 in Ice Magic
 24137 | D:12     | Killed ChaosChampion's ghost
 24144 | D:12     | Reached XP level 17. HP: 91/156 MP: 21/30
 24334 | Shoals:1 | Entered Level 1 of the Shoals
 24375 | Shoals:1 | Found Qizuusum's Jewellery Shoppe.
 24384 | Shoals:1 | Bought the ring of the Solstice {rPois rF+ rCorr EV+4} for
                  | 777 gold pieces
 24398 | Shoals:1 | Bought an amulet of reflection for 390 gold pieces
 24483 | Spider:1 | Entered Level 1 of the Spider Nest
 25158 | Spider:1 | Reached skill level 5 in Translocations
 25557 | Spider:1 | Learned a level 3 spell: Lesser Beckoning
 26195 | Spider:2 | Reached skill level 10 in Ice Magic
 27761 | Spider:4 | Entered Level 4 of the Spider Nest
 27770 | Spider:4 | Noticed Agnes
 27775 | Spider:4 | Killed Agnes
 27859 | Spider:4 | Reached XP level 18. HP: 123/165 MP: 11/31
 28320 | Spider:4 | Found the +2 Maxwell's thermic engine {flame, freeze}
 29230 | Spider:4 | Got a gossamer rune of Zot
 29557 | Vaults:1 | Entered Level 1 of the Vaults
 30071 | Vaults:1 | Found Julah's General Store.
 30081 | Vaults:1 | Bought a scroll of blinking for 127 gold pieces
 30207 | Vaults:1 | Found Zufev's Book Emporium.
 30243 | Vaults:1 | Bought a manual of Dodging for 1280 gold pieces
 30342 | Vaults:1 | Found Tiekom's Magic Scroll Shoppe.
 30367 | Vaults:1 | Found Vull's General Store.
 30372 | Vaults:1 | Bought a scroll of enchant weapon for 90 gold pieces
 30551 | Vaults:2 | Reached XP level 19. HP: 136/177 MP: 32/32
 30890 | Vaults:1 | Found Qiysk's Distillery.
 30895 | Vaults:1 | Bought a scroll of acquirement for 520 gold pieces
 30895 | Vaults:1 | Bought a scroll of teleportation for 30 gold pieces
 30895 | Vaults:1 | Bought a scroll of teleportation for 30 gold pieces
 30895 | Vaults:1 | Acquired 1269 gold pieces
 30896 | Vaults:1 | Bought a scroll of acquirement for 520 gold pieces
 30902 | Vaults:1 | Acquired the +1 pair of boots of Disaster {Str+4 Dex+4
                  | Stlth+}
 30912 | Vaults:1 | Bought a potion of heal wounds for 85 gold pieces
 30912 | Vaults:1 | Bought a potion of heal wounds for 85 gold pieces
 30936 | Vaults:1 | Reached skill level 10 in Dodging
 31848 | Vaults:2 | Noticed Sojobo
 31857 | Vaults:2 | Paralysed by an air elemental for 1 turns
 31883 | Vaults:2 | Killed Sojobo
 32918 | Vaults:3 | Learned a level 5 spell: Manifold Assault
 33081 | Vaults:3 | Reached XP level 20. HP: 39/189 MP: 28/34
 33378 | Vaults:3 | Noticed Margery
 33406 | Vaults:3 | Killed Margery
 34246 | Vaults:3 | Found a staircase to the Crypt.
 34253 | Vaults:3 | Got the Papyrus of Supportive Shape Shifting
 35315 | Vaults:4 | Learned a level 2 spell: Wereblood
 35409 | Vaults:4 | Reached skill level 1 in Transmutations
 35547 | Vaults:4 | Reached XP level 21. HP: 197/200 MP: 36/36
 36660 | Shoals:1 | Found a transporter.
 36660 | Shoals:1 | Found a transporter.
 36795 | Shoals:1 | Acquired 1122 gold pieces
 36947 | Shoals:1 | Noticed Ihuoskol's ghost (journeyman TeWz)
 36969 | Shoals:1 | Killed Ihuoskol's ghost
 37038 | Shoals:1 | Identified the ring of Zaiso {Fly Int+6 Dex+6 Slay+2}
 37138 | Shoals:1 | Noticed Louise
 37145 | Shoals:1 | Killed Louise
 39091 | Shoals:4 | Entered Level 4 of the Shoals
 39571 | Shoals:4 | Identified the +0 scale mail of the Merchant {Will+}
 39644 | Shoals:4 | Reached skill level 5 in Transmutations
 39684 | Shoals:4 | Got a barnacled rune of Zot
 39882 | Shoals:4 | Got the Catalogue of the Gardener
 39914 | Shoals:4 | Noticed Ilsuiw
 39938 | Shoals:4 | Killed Ilsuiw
 40399 | D:9      | Upgraded the game from 0.28-a0-1142-gc8569940dd to
                  | 0.28-a0-1147-gc7b72d3202
 40590 | Depths:1 | Entered Level 1 of the Depths
 40622 | Depths:1 | Noticed the Enchantress
 40662 | Depths:1 | Killed the Enchantress
 40666 | Depths:1 | Reached XP level 22. HP: 65/211 MP: 37/37
 40923 | Depths:1 | Found a sacrificial altar of Ru.
 41227 | Depths:1 | Found a gateway to Hell.
 41593 | Depths:2 | Found a one-way gate leading to the halls of Pandemonium.
 41835 | Depths:2 | Acquired the +4 pair of boots of Immorality {rF++ Will+
                  | Stlth+}
 42347 | Depths:2 | Noticed a caustic shrike
 42358 | Depths:2 | Killed a caustic shrike
 42394 | Depths:2 | Noticed a juggernaut
 42403 | Depths:2 | Killed a juggernaut
 42404 | Depths:2 | Noticed a golden dragon
 42416 | Depths:2 | Killed a golden dragon
 42450 | Depths:2 | Identified the ring "Ewkid" {Fly rPois rC+ rCorr}
 42764 | Depths:3 | Found a stormy altar of Qazlal.
 42789 | Depths:3 | Found a one-way gate to the infinite horrors of the Abyss.
 42850 | Depths:3 | Found a bloodstained altar of Trog.
 42853 | Depths:3 | Noticed Xtahua
 42873 | Depths:3 | Killed Xtahua
 42951 | Depths:3 | Found a sparkling altar of Nemelex Xobeh.
 42978 | Depths:3 | Paralysed by a floating eye for 2 turns
 42985 | Depths:3 | Reached XP level 23. HP: 208/222 MP: 39/39
 43025 | Depths:3 | Reached skill level 15 in Armour
 43065 | Depths:3 | Noticed a golden dragon
 43074 | Depths:3 | Noticed a dread lich
 43080 | Depths:3 | Killed a golden dragon
 43090 | Depths:3 | Killed a dread lich
 43171 | Depths:3 | Identified the +5 scale mail of Hyfabuw {Harm Str+2 Slay+2}
 43296 | Depths:3 | Found an ancient bone altar of Kikubaaqudgha.
 44252 | Depths:4 | Entered Level 4 of the Depths
 44252 | Depths:4 | Noticed a juggernaut
 44259 | Depths:4 | Killed a juggernaut
 44280 | Depths:4 | Reached skill level 1 in Throwing
 44324 | Depths:4 | Noticed a caustic shrike
 44326 | Depths:4 | Noticed a caustic shrike
 44326 | Depths:4 | Noticed a caustic shrike
 44326 | Depths:4 | Noticed a caustic shrike
 44332 | Depths:4 | Killed a caustic shrike
 44334 | Depths:4 | Killed a caustic shrike
 44334 | Depths:4 | Killed a caustic shrike
 44336 | Depths:4 | Killed a caustic shrike
 44556 | Depths:4 | Noticed a golden dragon
 44566 | Depths:4 | Killed a golden dragon
 44642 | Depths:4 | Found a gate to the Realm of Zot.
 44786 | Depths:4 | Found a one-way gateway to a ziggurat.
 45537 | Elf:1    | Entered Level 1 of the Elven Halls
 45670 | Elf:1    | Noticed Azrael
 45675 | Elf:1    | Killed Azrael
 45859 | Elf:1    | Reached XP level 24. HP: 228/233 MP: 39/39
 45905 | Elf:1    | Found Hasa's Armour Emporium.
 45907 | Elf:1    | Found Hinaopn's Weapon Shoppe.
 45909 | Elf:1    | Found Numupsuz's Magic Scroll Emporium.
 45919 | Elf:1    | Bought a scroll of blinking for 135 gold pieces
 45919 | Elf:1    | Bought a scroll of holy word for 135 gold pieces
 45919 | Elf:1    | Bought a scroll of immolation for 63 gold pieces
 46056 | Elf:1    | Found the +2 shield of Resistance {rF++ rC++ Will++}
 46596 | Elf:2    | Got Sif Muna's Grimoire of Captivating Flight
 46731 | Elf:2    | Found a runed translucent gate.
 46732 | Elf:2    | Found a runed translucent gate.
 46732 | Elf:2    | Found a runed translucent gate.
 47002 | Elf:2    | Reached skill level 5 in Throwing
 47374 | Elf:3    | Entered Level 3 of the Elven Halls
 47380 | Elf:3    | Found Woarph's Distillery.
 47538 | Elf:3    | Identified the +3 scale mail of Pride {Rampage rC++ Slay-4
                  | Stlth+}
 48156 | Elf:3    | Identified the ring of Siyrhigg {rC+ rN+ Will- AC+4}
 48262 | Elf:3    | Identified the +9 war axe "Coluuck" {pain, rPois rC+ Dex+3}
 48262 | Elf:3    | Identified the +2 leather armour "Zikujolott" {Fly Dex+4}
 48506 | Elf:3    | Got Sif Muna's Collected Works on Intoxication and
                  | Orientation
 48507 | Elf:3    | Identified the +7 hand crossbow "Ibbusit" {elec, Drain
                  | rElec Dex+3}
 48613 | Elf:3    | Identified the ring "Imaemor" {rElec Int+6}
 49342 | Crypt:1  | Entered Level 1 of the Crypt
 49862 | Crypt:1  | Reached XP level 25. HP: 208/243 MP: 38/40
 49950 | Crypt:1  | Noticed Mennas
 49971 | Crypt:1  | Killed Mennas
 50070 | Crypt:1  | Reached skill level 10 in Evocations
 50373 | Crypt:2  | Noticed Jory
 50385 | Crypt:2  | Killed Jory
 50721 | Crypt:3  | Entered Level 3 of the Crypt
 51218 | Crypt:3  | Reached skill level 27 in Invocations
 51309 | Crypt:3  | Found an ancient bone altar of Kikubaaqudgha.
 51513 | Crypt:3  | Identified the ring of the Thistle {rN+ Stlth+}
 51513 | Crypt:3  | Identified the ring of Kerchazou {Contam rC+ rN+ Will+
                  | Str+3}
 51513 | Crypt:3  | Identified the ring of Lumiepn {rF+ rN+ Str+4 Dex+7}
 51548 | Crypt:3  | Noticed a dread lich
 51569 | Crypt:3  | Killed a dread lich
 51634 | Crypt:3  | Identified the +1 ring mail of Servitude {rF+ Will+}
 51644 | Crypt:3  | Identified the ring "Koiraxt" {Contam rPois EV+4 Int+4
                  | Stlth+}
 51645 | Crypt:3  | Identified the ring of Amoskyerch {rPois rF+ rC- Will+
                  | Str+4}
 51651 | Crypt:3  | Identified the +4 hand crossbow of the Lame Duck {flame,
                  | +Blink MP+9}
 51930 | Crypt:3  | Found a staircase to the Tomb.
 53131 | Slime:1  | Entered Level 1 of the Pits of Slime
 53678 | Slime:3  | Noticed Dissolution
 53693 | Slime:3  | Killed Dissolution
 53694 | Slime:3  | Reached XP level 26. HP: 241/251 MP: 40/40
 53726 | Slime:3  | Gained mutation: Your body sometimes deteriorates upon
                  | taking damage. [a shining eye]
 53727 | Slime:3  | Gained mutation: Your spells are a little easier to cast,
                  | but a little less powerful. [a shining eye]
 54356 | Slime:5  | Entered Level 5 of the Pits of Slime
 54372 | Slime:5  | Noticed the Royal Jelly
 54516 | Slime:5  | Killed the Royal Jelly
 54524 | Slime:5  | Gained mutation: You are weak. (Str -2) [a shining eye]
 54565 | Slime:5  | Gained mutation: You are dopey. (Int -2) [a shining eye]
 54715 | Slime:5  | Got a slimy rune of Zot
 54716 | Slime:5  | Identified the +2 plate armour "Taphofa" {Fly Int-5 Dex+10}
 54765 | Slime:5  | Identified the +2 war axe of the Empty Page {drain, rF+}
 54858 | Slime:5  | Identified the +6 arbalest "Cawumayt" {vorpal, rElec rF+
                  | MP-9}
 55425 | Lair:1   | Lost mutation: Your body sometimes deteriorates upon taking
                  | damage. [potion of mutation]
 55425 | Lair:1   | Lost mutation: You are weak. (Str -2) [potion of mutation]
 55425 | Lair:1   | Gained mutation: Potions are less effective at restoring
                  | your health. [potion of mutation]
 55425 | Lair:1   | Gained mutation: You possess an exceptional clarity of
                  | mind. [potion of mutation]
 55426 | Lair:1   | Lost mutation: You are dopey. (Int -2) [potion of mutation]
 55426 | Lair:1   | Lost mutation: Your spells are a little easier to cast, but
                  | a little less powerful. [potion of mutation]
 55426 | Lair:1   | Gained mutation: You have hidden genetic potential. [potion
                  | of mutation]
 55426 | Lair:1   | Gained mutation: You passively map a small area around you.
                  | [potion of mutation]
 55427 | Lair:1   | Lost mutation: You possess an exceptional clarity of mind.
                  | [potion of mutation]
 55427 | Lair:1   | Lost mutation: You passively map a small area around you.
                  | [potion of mutation]
 55427 | Lair:1   | Gained mutation: Potions cannot restore your health.
                  | [potion of mutation]
 55427 | Lair:1   | Gained mutation: You are robust. (+10% HP) [potion of
                  | mutation]
 55427 | Lair:1   | Gained mutation: You possess an exceptional clarity of
                  | mind. [potion of mutation]
 55428 | Lair:1   | Lost mutation: You possess an exceptional clarity of mind.
                  | [potion of mutation]
 55428 | Lair:1   | Lost mutation: Potions cannot restore your health. [potion
                  | of mutation]
 55428 | Lair:1   | Lost mutation: You are robust. (+10% HP) [potion of
                  | mutation]
 55428 | Lair:1   | Gained mutation: You are clumsy. (Dex -2) [potion of
                  | mutation]
 55428 | Lair:1   | Gained mutation: You have a pair of small horns on your
                  | head. [potion of mutation]
 55428 | Lair:1   | Gained mutation: You passively dampen the noise of your
                  | surroundings. [potion of mutation]
 55429 | Lair:1   | Lost mutation: You have a pair of small horns on your head.
                  | [potion of mutation]
 55429 | Lair:1   | Lost mutation: Potions are less effective at restoring your
                  | health. [potion of mutation]
 55429 | Lair:1   | Lost mutation: You have hidden genetic potential. [potion
                  | of mutation]
 55429 | Lair:1   | Gained mutation: You sometimes lose the ability to read
                  | scrolls when taking damage. [potion of mutation]
 55429 | Lair:1   | Gained mutation: Your mind is acute. (Int +2) [potion of
                  | mutation]
 55430 | Lair:1   | Lost mutation: You are clumsy. (Dex -2) [potion of
                  | mutation]
 55430 | Lair:1   | Lost mutation: Your mind is acute. (Int +2) [potion of
                  | mutation]
 55430 | Lair:1   | Gained mutation: You are partially covered in iridescent
                  | scales. (AC +2) [potion of mutation]
 55431 | Lair:1   | Lost mutation: You are partially covered in iridescent
                  | scales. (AC +2) [potion of mutation]
 55431 | Lair:1   | Lost mutation: You sometimes lose the ability to read
                  | scrolls when taking damage. [potion of mutation]
 55431 | Lair:1   | Gained mutation: You are somewhat resistant to further
                  | mutation. [potion of mutation]
 55670 | Hell     | Entered the Vestibule of Hell
 55670 | Hell     | Noticed Geryon
 55692 | Hell     | Killed Geryon
 55810 | Hell     | Found a gateway to the Iron City of Dis.
 55922 | Hell     | Found a gateway to the freezing wastes of Cocytus.
 56015 | Hell     | Reached skill level 15 in Evocations
 56121 | Hell     | Found a gateway to the decaying netherworld of Tartarus.
 56170 | Hell     | Reached skill level 15 in Shields
 56394 | Hell     | Found a gateway to the ashen valley of Gehenna.
 56522 | Dis:1    | Entered Level 1 of the Iron City of Dis
 57503 | Coc:1    | Entered Level 1 of Cocytus
 57612 | Tar:1    | Entered Level 1 of Tartarus
 57705 | Tar:1    | Noticed a dread lich
 57705 | Tar:1    | Noticed an ancient lich
 57710 | Tar:1    | Noticed an ancient lich
 57720 | Tar:1    | Killed an ancient lich
 57723 | Tar:1    | Killed a dread lich
 57724 | Tar:1    | Reached XP level 27. HP: 174/240 MP: 40/40
 57729 | Tar:1    | Noticed a dread lich
 57731 | Tar:1    | Noticed a dread lich
 57732 | Tar:1    | Killed an ancient lich
 57733 | Tar:1    | Paralysed by a dread lich for 6 turns
 57743 | Tar:1    | Paralysed by a dread lich for 5 turns
 57760 | Tar:1    | Paralysed by a dread lich for 4 turns
 57934 | Tar:1    | Killed a dread lich
 57942 | Tar:1    | Killed a dread lich
 57947 | Tar:1    | You fall into a shaft and drop 1 floor!
 58486 | Zig:1    | Entered Level 1 of a ziggurat
 58512 | Zig:2    | Entered Level 2 of a ziggurat
 58533 | Zig:3    | Entered Level 3 of a ziggurat
 58564 | Zig:3    | Identified the +4 leather armour of Qanow {rF+ Regen+
                  | Str+4}
 58567 | Zig:4    | Entered Level 4 of a ziggurat
 58779 | Zig:4    | Identified the ring of Vextaro {rN+ Dex+2}
 58790 | Zig:5    | Entered Level 5 of a ziggurat
 58956 | Zig:6    | Entered Level 6 of a ziggurat
 59006 | Zig:6    | Identified the +0 buckler of Trumpets {*Slow Regen+ rCorr
                  | Int+3}
 59111 | Zig:6    | Identified the +7 morningstar of Armageddon {flame, Will-
                  | Str+3 Dex+7}
 59114 | Zig:7    | Entered Level 7 of a ziggurat
 59225 | Zig:7    | Found the +9 scales of the Dragon King {rPois rF+ rC+
                  | Will+}
 59356 | Zig:8    | Entered Level 8 of a ziggurat
 59402 | Zig:8    | Identified the ring of Pipru {*Slow rN++ Int+6}
 59414 | Zig:9    | Entered Level 9 of a ziggurat
 59422 | Zig:9    | Paralysed by a wendigo for 1 turns
 59432 | Zig:9    | Paralysed by a wendigo for 1 turns
 60450 | Zot:1    | Entered Level 1 of the Realm of Zot
 60735 | Zot:1    | Identified the ring of the Morning {rF+ rC+ Dex+3}
 60954 | Zot:1    | Noticed an orb of fire
 60967 | Zot:1    | Gained mutation: You occasionally shout uncontrollably at
                  | your foes. [an orb of fire]
 60969 | Zot:1    | Gained mutation: You are frail. (-10% HP) [an orb of fire]
 60971 | Zot:1    | Killed an orb of fire
 61216 | Zot:1    | Reached skill level 27 in Axes
 62012 | Zot:2    | Found a transporter.
 62012 | Zot:2    | Noticed Karche Mayr's ghost (legendary GrMo)
 62017 | Zot:2    | Found a transporter.
 62297 | Zot:2    | Killed Karche Mayr's ghost
 62298 | Zot:2    | Reached skill level 10 in Translocations
 63448 | Zot:3    | Upgraded the game from 0.28-a0-1147-gc7b72d3202 to
                  | 0.28-a0-1159-g27aa881441
 63945 | Zot:4    | Reached skill level 1 in Spellcasting
 63981 | Zot:4    | Acquired a +2 pair of gloves of hurling
 64039 | Zot:5    | Entered Level 5 of the Realm of Zot
 64882 | Tomb:1   | Entered Level 1 of the Tomb of the Ancients
 65375 | Tomb:1   | Noticed a royal mummy
 65384 | Tomb:1   | Killed a royal mummy
 65771 | Tomb:1   | Noticed a royal mummy
 65786 | Tomb:1   | Killed a royal mummy
 65792 | Tomb:1   | HP: 11/233 [mummy priest/divine providence (17)]
 66996 | Zot:5    | Reached skill level 10 in Transmutations
 67058 | Zot:5    | Noticed a dread lich
 67066 | Zot:5    | Killed a dread lich
 67079 | Zot:5    | Noticed a dread lich
 67084 | Zot:5    | Noticed an ancient lich
 67094 | Zot:5    | Killed an ancient lich
 67096 | Zot:5    | Killed a dread lich
 67224 | Zot:5    | Cast into level 4 of the Abyss (Killer Klown)
 67640 | Abyss:4  | Found a stormy altar of Qazlal.
 67767 | Abyss:4  | Got an abyssal rune of Zot
 67770 | Zot:5    | Escaped the Abyss
 68274 | Zot:5    | Noticed a dread lich
 68286 | Zot:5    | Killed a dread lich
 68296 | Zot:5    | Reached skill level 10 in Throwing
 68312 | Zot:5    | Noticed an orb of fire
 68324 | Zot:5    | Noticed an orb of fire
 68335 | Zot:5    | Killed an orb of fire
 68339 | Zot:5    | Killed an orb of fire
 68628 | Zot:5    | Noticed an orb of fire
 68630 | Zot:5    | Noticed an orb of fire
 68636 | Zot:5    | Gained mutation: You tend to lose your temper in combat.
                  | [an orb of fire]
 68640 | Zot:5    | Gained mutation: You are weak. (Str -2) [an orb of fire]
 68643 | Zot:5    | Killed an orb of fire
 68644 | Zot:5    | Killed an orb of fire
 68990 | Coc:1    | You fall into a shaft and drop 1 floor!
 69621 | Hell     | Lost mutation: You are frail. (-10% HP) [potion of
                  | mutation]
 69621 | Hell     | Lost mutation: You are weak. (Str -2) [potion of mutation]
 69621 | Hell     | Gained mutation: You expend magic power (3 MP) to
                  | strengthen your wands. [potion of mutation]
 69622 | Hell     | Lost mutation: You expend magic power (3 MP) to strengthen
                  | your wands. [potion of mutation]
 69622 | Hell     | Lost mutation: You are somewhat resistant to further
                  | mutation. [potion of mutation]
 69622 | Hell     | Gained mutation: You have large cloven feet. [potion of
                  | mutation]
 69622 | Hell     | Gained mutation: You are robust. (+10% HP) [potion of
                  | mutation]
 69622 | Hell     | Gained mutation: Your spells are a little harder to cast,
                  | but a little more powerful. [potion of mutation]
 71741 | Coc:7    | Entered Level 7 of Cocytus
 71803 | Coc:7    | Paralysed by a wendigo for 1 turns
 71849 | Coc:7    | Paralysed by a wendigo for 1 turns
 71859 | Coc:7    | Paralysed by a wendigo for 1 turns
 71861 | Coc:7    | Paralysed by a wendigo for 1 turns
 71897 | Coc:7    | Noticed the Serpent of Hell
 71916 | Coc:7    | Killed the Serpent of Hell
 71929 | Coc:7    | Paralysed by a wendigo for 1 turns
 72083 | Coc:7    | Paralysed by a wendigo for 1 turns
 72090 | Coc:7    | Paralysed by a wendigo for 1 turns
 72094 | Coc:7    | Paralysed by a wendigo for 1 turns
 72099 | Coc:7    | Paralysed by a wendigo for 1 turns
 72104 | Coc:7    | Paralysed by a wendigo for 1 turns
 72767 | Coc:7    | Reached skill level 27 in Fighting
 72769 | Coc:7    | Identified the +6 whip of Ruicac {drain, Fly MP+9 Int+6}
 72916 | Coc:7    | Identified the +6 hand crossbow "Qyosiwat" {penet, rN++
                  | Str+4 Int-2}
 72939 | Coc:7    | Paralysed by a wendigo for 1 turns
 73259 | Coc:7    | Noticed Antaeus
 73511 | Coc:7    | Reached skill level 15 in Throwing
 73912 | Coc:7    | Killed Antaeus
 73928 | Coc:7    | Got an icy rune of Zot
 74255 | Coc:7    | Paralysed by a wendigo for 1 turns
 74260 | Coc:7    | Paralysed by a wendigo for 1 turns
 74265 | Coc:7    | Paralysed by a wendigo for 1 turns
 74270 | Coc:7    | Paralysed by a wendigo for 1 turns
 74279 | Coc:7    | Paralysed by a wendigo for 1 turns
 74285 | Coc:7    | Paralysed by a wendigo for 1 turns
 74293 | Coc:7    | Paralysed by a wendigo for 1 turns
 74379 | Coc:7    | Paralysed by a wendigo for 1 turns
 74386 | Coc:7    | Paralysed by a wendigo for 1 turns
 75358 | Pan      | Entered Pandemonium
 75378 | Pan      | Found an exit through the horrors of the Abyss.
 75827 | Pan      | Reached skill level 5 in Spellcasting
 76065 | Pan      | Noticed Musyawko the pandemonium lord
 76072 | Pan      | Killed Musyawko the pandemonium lord
 76487 | Pan      | Identified the +5 trident "Betarghu" {freeze, rN+ Str+2
                  | Int+3}
 76647 | Pan      | Gained mutation: Your magical capacity is low. (-10% MP) [a
                  | cacodemon]
 76975 | Pan      | Gained mutation: Armour fits poorly on your strangely
                  | shaped body. [a cacodemon]
 76980 | Pan      | Gained mutation: Your body sometimes deteriorates upon
                  | taking damage. [a cacodemon]
 77472 | Pan      | HP: 2/300 [ancient champion/iron shot[a demonspawn
                  | corrupter] (59)]
 77478 | Pan      | HP: 4/300 [something (12)]
 78887 | Pan      | Identified the +9 mace of Nimuwait {vorpal, rC+ Int+4
                  | Dex+3}
 78931 | Pan      | Noticed Ywooliul the pandemonium lord
 78948 | Pan      | Killed Ywooliul the pandemonium lord
 78983 | Pan      | HP: 15/300 [Brimstone Fiend/damnation (29)]
 78984 | Pan      | Killed from afar by a Brimstone Fiend

Illustrated notes

Levels and vault maps discovered:
D:1:      giann_horns, layout_rooms
D:2:      layout_rooms, st_stairs_4
D:3:      layout_loops_ring, serial_undead, serial_undead_f, serial_undead_f,
          serial_undead_a, serial_undead_d, uniq_jessica
D:4:      layout_loops_corners
D:5:      layout_gridville, amcnicky_mini_pool_small, uniq_prince_ribbit1
D:6:      layout_basic, chequers_temple_overflow_statue_of_worship,
          minmay_temple_entry_water_ring
D:7:      layout_cave_pools, mainiacjoe_overflow_divided_tiny, serial_shops,
          shop, uniq_menkaure
D:8:      layout_loops_corners, uniq_grum
D:9:      layout_loops_ring, minmay_lair_entry_grove, kennysheep_generic_room_8
D:10:     layout_irregular_city, minmay_orc_entry_temple_small
D:11:     layout_loops_ring
D:12:     layout_roguey, gammafunk_ghost_berserking_beasts, uniq_urug,
          uniq_kirke
D:13:     layout_cave_pools, grunt_decor_mini_mirrors, led_sif_book
D:14:     layout_roguey, hangedman_vaults_entry_quadrant_bands,
          nicolae_dithmenos_through_a_glass_darkly, serial_curves,
          eino_curves_04, eino_curves_03, eino_curves_02
D:15:     hangedman_depths_entry_try_elsewhere_first, layout_basic,
          serial_curves, eino_curves_01, eino_curves_04,
          chequers_serial_rivers_small_b
Lair:1:   layout_chaotic_city, infiniplex_staircase_pool, uniq_joseph
Lair:2:   layout_regular_city, minmay_shoals_entry_lonely_mermaid,
          spider_nest_entry_funnel_web, basic_altar, serial_bayou_shore_b,
          uniq_erica
Lair:3:   layout_gridlike, basic_altar, kennysheep_basilisk_garden,
          grunt_megastairs_4, infiniplex_staircase_pool_2
Lair:4:   layout_regular_city, gauntlet_entry_generic, grunt_megastairs_3,
          serial_bayou_shore_b, uniq_nergalle
Lair:5:   layout_cave_pods, grunt_megastairs_5
Lair:6:   hangedman_lair_in_review, layout_layer_cave, guppyfry_lair_end_dragon,
          minmay_slime_entry_oklob_open, gammafunk_ghost_abyssal_escape
Shoals:1: layout_shoals, ebering_ghost_davey_jones,
          minmay_shop_enchanted_jewellery, nicolae_shoals_water_booths,
          uniq_louise
Shoals:2: layout_shoals
Shoals:3: layout_shoals, hangedman_shoals_cup_caves
Shoals:4: shoals_end_grunt_ice, layout_shoals, shoal_ilsuiw,
          nicolae_shoals_dead_sea_scrolls
Spider:1: layout_spider_delve
Spider:2: layout_spider_delve, nicolae_spider_rock_and_or_roll
Spider:3: layout_chambers
Spider:4: grunt_spider_rune_circles, hangedman_stitches_earthworm, uniq_agnes
Slime:1:  layout_caves, cheibrodos_slime_lost_civilization_5
Slime:2:  layout_caves
Slime:3:  layout_caves, uniq_dissolution
Slime:4:  layout_caves, cheibrodos_slime_lost_civilization_7
Slime:5
Orc:1:    layout_diamond_mine, portal_ice_cave_entry_ice_simulacra
Orc:2:    pubby_orc_utopia, uniq_nessos
Elf:1:    layout_loops_corners, hangedman_elf_disciples,
          minmay_misc_feat_columns, minmay_shop_star, uniq_azrael
Elf:2:    nicolae_elf_blades_crystal_corner, layout_loops_cross
Elf:3:    nooodl_elf_gasket, layout_geoelf_castle, serial_shops,
          nicolae_shop_window_shopping
Vaults:1: vaults_standard_mumra_x, hangedman_vaults_nails,
          hangedman_vaults_nails, v_pattern_3, vaults_room_ringed_pool,
          hangedman_vaults_variations, nicolae_vaults_twisting_passages,
          vaults_dpeg_doors, st_quartered_hall, grunt_vaults_focal,
          nicolae_vaults_diagonal_hallway_8, layout_vaults_omnibox,
          serial_shops, shop, nicolae_diamond_shop, nicolae_shop_waterfront,
          nicolae_shop_statue_plus, shop
Vaults:2: ontoclasm_vaults_pinch, v_pattern_5, vaults_room_fours,
          nicolae_vaults_rhombus_5, ontoclasm_vaults_hangar,
          vaults_room_grunt_arrival_ludios, layout_vaults_quadrants, uniq_sojobo
Vaults:3: nicolae_vaults_big_angled_halls, v_misc_29,
          minmay_crypt_entry_vampire_xt, nicolae_vaults_network_square,
          nicolae_vaults_rhombus_5, hangedman_vaults_stream, v_misc_15,
          ontoclasm_vaults_chip, v_misc_11,
          nicolae_vaults_windows_and_doors_thing,
          nicolae_vaults_little_squares_1, ontoclasm_vaults_idyll,
          vaults_room_large_hall, ontoclasm_vaults_decontamination,
          nicolae_vaults_asterisk, vaults_dpeg_hooks, layout_vaults_omnicross,
          uniq_margery
Vaults:4: vaults_mumra_bighexcomb, v_misc_28, ontoclasm_vaults_hangar,
          nicolae_vaults_sealed_display, nicolae_vaults_little_ls,
          nicolae_vaults_little_squares_2, v_alt_pattern_6,
          vaults_room_door_ring, nicolae_vaults_border_crossing,
          vaults_dpeg_ring, layout_vaults_chaotic_city
Crypt:1:  layout_gridlike, nicolae_crypt_little_mausoleum, uniq_mennas
Crypt:2:  layout_rooms, uniq_jory
Crypt:3:  church_of_pain_bobbens, layout_chaotic_city,
          nicolae_tomb_entry_grand_gallery, grunt_ministairs_13
Tomb:1
Depths:1: layout_gridlike, pf_hell_entry_tar_spiral, hangedman_ru_absence,
          uniq_enchantress
Depths:2: evilmike_pillar_path, layout_cave_pools, hangedman_coc_ice_floe,
          minmay_misc_feat_tiny, serial_column_ruins,
          column_ruins_portal_astroid, column_ruins_hut, column_ruins_hut,
          column_ruins_grid_1, column_ruins_open_tiny,
          column_ruins_corridor_straight, column_ruins_grid_1,
          column_ruins_open_tiny, grunt_pan_entry_sceptre,
          infiniplex_staircase_zigzag_4
Depths:3: grunt_profane_halls [grunt_profane_temple_coc,
          grunt_profane_temple_tar, grunt_profane_temple_geh,
          grunt_profane_temple_dis, grunt_profane_loot], abyss_entry,
          hell_entry, uniq_xtahua
Depths:4: evilmike_zot_entry_hall, layout_cave_pools, enter_ziggurat_f,
          nicolae_abyss_entry_one_way_or_another,
          chequers_serial_rivers_large_b, hell_entry, hex_medium
Hell
Dis:1:    layout_regular_city
Dis:2:    layout_subdivisions
Coc:1:    layout_ice_bergs
Coc:2:    layout_ice_bergs
Coc:3:    layout_cocytus_water_paths
Coc:4:    layout_ice_bergs
Coc:5:    layout_ice_bergs
Coc:6:    nicolae_coc_icebeans_plural [nicolae_sub_coc_subbean,
          nicolae_sub_coc_subbean, nicolae_sub_coc_subbean,
          nicolae_sub_coc_subbean], layout_cocytus_delve
Coc:7:    coc_dpeg
Tar:1:    layout_grid_maze, nicolae_hells_leichenhalle
Tar:2:    layout_grid_maze, nicolae_hells_fiendish_ambush
Zot:1:    hangedman_zot_vaults_quadrants, layout_onion_interference
Zot:2:    layout_misc_corridors, gammafunk_ghost_arena
Zot:3:    nicolae_zot_stationary_front, layout_gridlike
Zot:4:    layout_misc_corridors
Zot:5:    layout_misc_corridors
Pan:      evilmike_mini_pan_corner, layout_irregular_city,
          nicolae_pan_cerebovesque_3, evilmike_mini_pan_pillars,
          layout_long_grid, pan_captured_pigsty, nicolae_pan_mnolegish_4,
          evilmike_mini_pan_pillars_b, layout_rooms

Skill      XL: |  1  2  3  4  5  6  7  8  9 10 11 12 13 14 15 16 17 18 19 20 21 22 23 24 25 26 27 |
---------------+----------------------------------------------------------------------------------+-----
Fighting       | 4 5 6 8 9 10 11 13 14 15 17 18 19 20 21 22 23 27 | 27.0
Axes           | 3 4 5 7 9 10 11 12 13 14 15 16 17 18 19 20 21 22 23 24 25 27 | 27.0
Dodging        | 1 5 7 9 12 13 | 13.6
Shields        | 4 6 7 9 10 12 13 15 16 | 16.9
Armour         | 4 6 7 8 9 10 11 12 13 14 16 17 19 | 19.9
Invocations    | 2 5 7 11 13 14 15 17 18 19 21 22 23 24 25 26 27 | 27.0
Evocations     | 7 9 13 15 16 | 16.6
Conjurations   | 3 |  3.5
Ice Magic      | 5 11 12 | 12.0
Translocations | 3 7 8 11 | 11.7
Transmutations | 1 5 10 | 10.5
Throwing       | 4 6 17 | 17.6
Spellcasting   | 7 |  7.8

Action                   |  1- 3 |  4- 6 |  7- 9 | 10-12 | 13-15 | 16-18 | 19-21 | 22-24 | 25-27 || total
-------------------------+-------+-------+-------+-------+-------+-------+-------+-------+-------++-------
Melee: War axe           |    85 |    96 |   171 |   502 |   910 |     5 |       |       |       ||  1769
       Morningstar       |       |       |       |     9 |    36 |       |       |       |       ||    45
       Broad axe         |       |       |       |       |       |   929 |  1084 |  1242 |  3448 ||  6703
       Unarmed           |       |       |       |       |       |       |       |       |     2 ||     2
Throw: Javelin           |       |       |       |       |     2 |     3 |     1 |     1 |    28 ||    35
 Cast: Magic Dart        |       |       |       |       |     4 |       |       |     9 |    26 ||    39
       Lesser Beckoning  |       |       |       |       |       |    10 |    25 |    10 |    68 ||   113
       Blink             |       |       |       |       |       |     3 |     1 |       |     1 ||     5
       Wereblood         |       |       |       |       |       |       |     5 |    13 |    31 ||    49
Invok: Bend Time         |       |       |       |     2 |     1 |     1 |       |     1 |     5 ||    10
       Slouch            |       |       |       |       |     2 |     4 |     4 |     2 |    30 ||    42
       Step From Time    |       |       |       |       |       |       |     1 |       |    10 ||    11
Evoke: Wand              |       |       |       |     4 |     8 |    10 |    12 |     4 |    69 ||   107
       Phantom mirror    |       |       |       |       |       |       |     1 |       |     1 ||     2
       Condenser vane    |       |       |       |       |       |       |       |       |     3 ||     3
       Horn of Geryon    |       |       |       |       |       |       |       |       |     1 ||     1
  Use: Scroll            |     1 |     2 |     3 |    15 |     9 |    13 |     6 |     4 |    33 ||    86
       Potion            |       |       |     1 |     1 |       |     5 |     7 |     1 |    36 ||    51
 Stab: Invisible         |       |       |       |     3 |       |       |       |       |     2 ||     5
       Distracted        |       |       |       |    11 |    28 |     1 |       |       |     5 ||    45
       Petrified         |       |       |       |       |     3 |     1 |       |       |       ||     4
Armor: Scale mail        |    56 |    39 |    57 |   147 |       |       |       |       |       ||   299
       Chain mail        |       |       |       |       |   263 |   297 |   193 |   250 |   328 ||  1331
       Gold dragon scale |       |       |       |       |       |       |       |       |   966 ||   966
Dodge: Dodged            |    45 |    31 |    93 |   194 |   449 |   517 |   737 |   741 |  1899 ||  4706
Block: Buckler           |    26 |    22 |    46 |   154 |   132 |       |       |       |       ||   380
       Kite shield       |       |       |       |       |   477 |  1145 |  1058 |  1048 |  3099 ||  6827

Table legend: (Time is in decaauts)
 A = Elapsed time spent in this place.
 B = Non-inter-level travel time spent in this place.
 C = Inter-level travel time spent in this place.
 D = Time resting spent in this place.
 E = Time spent auto-exploring this place.
 F = Levels seen in this place.
 G = Mean time per level.
                   A        B        C        D        E       F      G
               +--------+--------+--------+--------+--------+-----+--------+
         Total | 120436 | 103519 |  16917 |  14544 |  65925 |  83 | 1451.0 |
       Dungeon |  24906 |  17302 |   7604 |   3016 |  11355 |  15 | 1660.4 |
          Lair |  12394 |  10745 |   1649 |    812 |   8237 |   6 | 2065.7 |
        Shoals |   6606 |   6267 |    339 |     94 |   5080 |   4 | 1651.5 |
   Spider Nest |   7554 |   7246 |    308 |    873 |   5238 |   4 | 1888.5 |
    Slime Pits |   3590 |   3434 |    156 |    249 |   2297 |   5 |  718.0 |
  Orcish Mines |   4522 |   3842 |    680 |    125 |   2879 |   2 | 2261.0 |
   Elven Halls |   6017 |   5480 |    537 |    339 |   3875 |   3 | 2005.7 |
        Vaults |  11425 |   9698 |   1727 |   1139 |   7112 |   4 | 2856.2 |
         Crypt |   4972 |   4277 |    695 |    217 |   3032 |   3 | 1657.3 |
          Tomb |   2273 |   2094 |    179 |    643 |    595 |   1 | 2273.0 |
        Depths |   8116 |   6531 |   1585 |    563 |   4578 |   4 | 2029.0 |
          Hell |   2131 |   1852 |    279 |    709 |    708 |   1 | 2131.0 |
           Dis |    891 |    816 |     75 |    482 |    212 |   2 |  445.5 |
       Cocytus |   7689 |   7305 |    384 |   2434 |   2929 |   7 | 1098.4 |
      Tartarus |    842 |    842 |      0 |    147 |    324 |   2 |  421.0 |
           Zot |   7926 |   7212 |    714 |    903 |   4187 |   5 | 1585.2 |
         Abyss |    693 |    693 |      0 |      0 |    380 |   1 |  693.0 |
   Pandemonium |   4813 |   4813 |      0 |   1277 |   2271 |   3 | 1604.3 |
      Ziggurat |   1142 |   1142 |      0 |    467 |    113 |   9 |  126.9 |
      Ice Cave |    930 |    930 |      0 |      9 |    435 |   1 |  930.0 |
      Gauntlet |    995 |    995 |      0 |     42 |     84 |   1 |  995.0 |
               +--------+--------+--------+--------+--------+-----+--------+

Top non-repeatable levels by time:
   Coc:7: 3923 daAuts
Vaults:3: 3731 daAuts
    D:15: 3581 daAuts
   Orc:2: 3402 daAuts
  Lair:6: 3052 daAuts
    D:11: 3031 daAuts
    D:10: 2861 daAuts
Vaults:1: 2844 daAuts
Vaults:2: 2627 daAuts
   Elf:3: 2605 daAuts
 Crypt:3: 2507 daAuts
    D:14: 2493 daAuts
     D:9: 2452 daAuts
   Zot:5: 2427 daAuts
Spider:4: 2362 daAuts
